 Dungeon Crawl Stone Soup version 0.31.0-11-ge490571c62 (webtiles) character file.

Game seed: 12690930575984823001

794 huskten the Shooter (level 7, 0/51 (55) HPs)
             Began as a Pale Draconian Air Elementalist on Feb 7, 2024.
             Was an Initiate of Qazlal.
             Slain by a wight
             ... wielding a +0 halberd
              (5 damage)
             ... on level 6 of the Dungeon.
             The game lasted 00:32:08 (2858 turns).

huskten the Shooter (DrAE)                          Turns: 2858, Time: 00:32:09

HP:   0/51 (55)     AC:  7    Str: 16    XL:     7   Next: 58%
MP:   10/11         EV: 12    Int: 18    God:    Qazlal [......]
Gold: 159           SH:  0    Dex: 11    Spells: 10/11 levels left

rFire   x . .        m - +5 sling of the Pill Bug {drain, rPois rF- rN+ Will+++}
rCold   . . .        (no shield)
rNeg    + . .        (body armour unavailable)
rPois   +            (helmet restricted)
rElec   .            F - +0 cloak
rCorr   .            (no gloves)
SInv    .            (no boots)
Will    +++..        c - amulet of the acrobat
Stlth   +            A - +6 ring of strength
HPRegen 0.28/turn    (no ring)
MPRegen 0.12/turn

%: acrobat
@: confused, about to teleport, ambrosia-drunk, marked, drained
A: breathe steam, AC +6, unfitting armour, cold-blooded, steam resistance
a: Breathe Steam, Renounce Religion


You were on level 6 of the Dungeon.
You worshipped Qazlal.
Qazlal was noncommittal.
You visited 1 branch of the dungeon, and saw 6 of its levels.

You collected 214 gold pieces.
You spent 55 gold pieces at shops.

Inventory:

Hand Weapons
 b - a +0 club
 d - a +0 short sword
 l - a +0 sling of flaming
 m - the +5 sling of the Pill Bug (weapon) {drain, rPois rF- rN+ Will+++}
   (You found it on level 2 of the Dungeon)

   rF-:       It makes you vulnerable to fire.
   rPois:     It protects you from poison rN+: It protects you from negative
   energy.
   Will+++:   It greatly increases your willpower.
 q - a +0 short sword
 s - a +0 giant spiked club
 t - a +0 dagger
 w - a +0 orcbow
 x - a +0 morningstar
 z - a +0 hand axe
 D - the +4 war axe of the Sugar Beet {speed, rElec rF+ Dex+3}
   (You found it on level 5 of the Dungeon)

   Dex+3:     It affects your dexterity (+3).
   rF+:       It protects you from fire.
   rElec:     It insulates you from electricity.
Missiles
 h - 39 stones
 u - 3 poisoned darts
Armour
 j - a +0 ring mail
 n - a +0 robe
 p - a +0 plate armour
 F - a +0 cloak (worn)
Magical Staves
 E - the staff "Vazih" {rPois Str+3 Alchemy}
   (You found it on level 5 of the Dungeon)

   [staff of alchemy]

   Base accuracy: +5 Base damage: 5 Base attack delay: 1.2 This weapon's minimum
   attack delay (0.6) is reached at skill level 12.
   Str+3:     It affects your strength (+3).
   rPois:     It protects you from poison Alchemy: It increases the power of
   your Alchemy spells.
   It falls into the 'Staves' category.
   It is a one-handed weapon.
Jewellery
 c - an amulet of the acrobat (around neck)
 A - a +6 ring of strength (left hand)
 C - an amulet of magic regeneration
Wands
 k - a wand of mindburst (12)
Scrolls
 e - 2 scrolls of teleportation
 f - a scroll of vulnerability
 o - a scroll of fog
 y - 2 scrolls of identify
Potions
 a - a potion of magic
 g - 2 potions of haste {unknown}
 i - a potion of lignification {unknown}
 r - a potion of degeneration {unknown}
 v - a potion of ambrosia
 B - a potion of might {unknown}
 G - a potion of heal wounds {unknown}


   Skills:
 + Level 2.2 Fighting
 + Level 5.7 Ranged Weapons
 + Level 2.3 Dodging
 + Level 2.7 Stealth
 + Level 2.7 Spellcasting
 + Level 1.7 Conjurations
 + Level 4.5 Air Magic
 + Level 0.6 Evocations


You had 10 spell levels left.
You knew the following spells:

 Your Spells              Type           Power      Damage    Failure   Level
a - Shock                 Conj/Air       52%        1d6       4%          1

Your spell library contained the following spells:

 Spells                   Type           Power      Damage    Failure   Level
 Static Discharge         Conj/Air       26%        3-5/arc   7%          2
 Swiftness                Air            18%        N/A       8%          3
 Airstrike                Air            9%         2d(2-18)  26%         4
 Inner Flame              Hex/Fire       2%         N/A       45%         3
 Flame Wave               Conj/Fire      5%         2d5       75%         4
 Sticky Flame             Fire/Alch      2%         2d4       86%         4


Dungeon Overview and Level Annotations

Branches:
Dungeon (6/15)
 Temple: D:4-7

Altars:
Qazlal

Shops:
D:2 ?*[*


Innate Abilities, Weirdness & Mutations

You can breathe blasts of scalding, opaque steam.
Your pale cyan-grey scales are hard. (AC +6)
You cannot fit into any form of body armour.
You are cold-blooded and may be slowed by cold attacks.
You are immune to the effects of steam.


Message History

You shoot a sling bullet. The sling bullet hits the ice beast.
You kill the ice beast!
Qazlal accepts your kill. The gnoll closely misses you.
A wight comes into view. It is wielding a +0 spear.
You shoot a sling bullet.
The sling bullet hits the wight but does no damage.
The gnoll closely misses you. The wight closely misses you.
You shoot a sling bullet. The sling bullet hits the gnoll.
You drain the gnoll.
The gnoll is moderately wounded.
The gnoll hits you with a +0 flail. The wight closely misses you.
A wight comes into view. It is wielding a +0 halberd.
The gnoll hits you with a +0 club.
You shoot a sling bullet.
The sling bullet closely misses the gnoll.
A water moccasin comes into view. x2
The gnoll misses you.
The wight hits you from afar with a +0 spear.
The gnoll hits you with a +0 club. The wight hits you with a +0 war axe.
You partially resist.
You feel drained. The gnoll barely misses you.
The wight hits you with a +0 war axe! You partially resist.
You feel drained.
* * * LOW HITPOINT WARNING * * *
A wight comes into view. It is wielding a +0 great sword.
The gnoll hits you but does no damage. The wight closely misses you.
As you read the scroll of teleportation, it crumbles to dust.
You feel strangely unstable. The gnoll closely misses you.
The wight hits you from afar with a +0 spear.
* * * LOW HITPOINT WARNING * * *
The wight closely misses you.
A wight comes into view. It is wielding a +4 mace.
The wight hits you from afar with a +0 halberd!
* * * LOW HITPOINT WARNING * * *
You partially resist.
You feel drained.
* * * LOW HITPOINT WARNING * * *
The gnoll hits you but does no damage.
You are confused.
You feel invigorated. The gnoll misses you. The wight barely misses you. x2
The gnoll barely misses you.
The wight hits you from afar with a +0 halberd.
You die...

######### #.......
#######.#...
###.z.zg..#.### ##
#..zz.@gS)....# ..
#.#z####..S........
#.#.#.# #..#.#.#####
#.....####........
#..>....##..#.#.....
##...##.##......###.#
##.###..#..#.### .
#.###..#..#.#
#.........#


You could see 2 water moccasins, 5 wights and 2 gnolls.

Vanquished Creatures
  Edmund (D:4)
  An ice beast (D:6)
  2 ogres
  A bullfrog (D:6)
  2 scorpions
  A hound (D:5)
  An orc priest (D:5)
  An iguana (D:5)
  Ijyb (D:3)
  An orc wizard (D:5)
  2 adders (D:3)
  4 gnolls
  A ribbon worm (D:2)
  2 dart slugs
  8 orcs
  4 ball pythons
  3 endoplasms
  A giant cockroach (D:3)
  A goblin (D:3)
  2 hobgoblins
  4 kobolds
  2 quokkas
  3 bats (D:2)
  2 frilled lizards (D:2)
  3 rats
54 creatures vanquished.

Notes
Turn   | Place    | Note
-------+----------+-------------------------------------------
     0 | D:1      | huskten the Draconian Air Elementalist began the quest for
                  | the Orb.
     0 | D:1      | Reached XP level 1. HP: 14/14 MP: 3/3
   504 | D:2      | Found Xafevvaa's Assorted Antiques.
   594 | D:2      | Bought a sling for 40 gold pieces
   622 | D:2      | Reached XP level 2. HP: 20/20 MP: 5/5
   637 | D:2      | Found Geihang's Antique Armour Emporium.
   642 | D:2      | Identified the +5 sling of the Pill Bug {drain, rPois rF-
                  | rN+ Will+++}
   700 | D:2      | Bought a robe for 15 gold pieces
   747 | D:2      | Found Cakeire's Magic Scroll Emporium.
   812 | D:2      | Found a faded altar of an unknown god.
   825 | D:2      | Found Wolomuc's Assorted Antiques.
  1147 | D:3      | Reached XP level 3. HP: 19/26 MP: 3/6
  1233 | D:3      | Found a stormy altar of Qazlal.
  1321 | D:3      | Became a worshipper of Qazlal Stormbringer
  1456 | D:3      | Noticed Ijyb
  1466 | D:3      | Killed Ijyb
  1467 | D:3      | Reached skill level 1 in Ranged Weapons
  1467 | D:3      | Reached XP level 4. HP: 30/34 MP: 2/7
  1673 | D:3      | You fall into a shaft and drop 1 floor!
  1714 | D:4      | Noticed a scorpion
  1720 | D:4      | Killed a scorpion
  1721 | D:4      | Reached skill level 1 in Fighting
  1721 | D:4      | Reached skill level 2 in Ranged Weapons
  1721 | D:4      | Reached XP level 5. HP: 40/40 MP: 8/8
  1723 | D:4      | Noticed an ogre
  1754 | D:4      | Killed an ogre
  1755 | D:4      | Reached skill level 3 in Ranged Weapons
  1872 | D:4      | Noticed Edmund
  1889 | D:4      | Killed Edmund
  1890 | D:4      | Reached XP level 6. HP: 44/48 MP: 9/9
  2093 | D:5      | Entered Level 5 of the Dungeon
  2151 | D:5      | Reached skill level 4 in Ranged Weapons
  2481 | D:5      | Your scales start taking on a pale cyan-grey colour.
  2481 | D:5      | Reached XP level 7. HP: 53/53 MP: 11/11
  2481 | D:5      | Gained mutation: You are immune to the effects of steam.
                  | [Pale Draconian growth]
  2495 | D:5      | Reached skill level 5 in Ranged Weapons
  2518 | D:5      | Identified the +4 war axe of the Sugar Beet {speed, rElec
                  | rF+ Dex+3}
  2573 | D:5      | Identified the staff "Vazih" {rPois Str+3 Alchemy}
  2857 | D:6      | HP: 1/51 [wight/+0 halberd (2)]
  2858 | D:6      | Slain by a wight

Illustrated notes

Levels and vault maps discovered:
D:1:      erik_arrival_triangle_small, layout_basic
D:2:      layout_rooms, serial_shops, shop, nicolae_shop_crystal,
          nicolae_shop_tiny_waterfront, nicolae_shop_tiny_glass,
          basic_ecumenical_altar
D:3:      layout_loops_ring, marbit_many_paths, nrook_mini_vaults,
          minmay_misc_feat_alley, uniq_ijyb
D:4:      layout_basic, minmay_temple_entry_trees, serial_shops,
          nicolae_stop_n_shop_2, nicolae_twisty_statue_hallways, uniq_edmund
D:5:      layout_basic, serial_library_hellmonk_hallway_b
D:6:      layout_loops_ring, mainiacjoe_overflow_six_doors_small, tso_altar,
          gammafunk_temple_overflow_forgotten

Skill      XL: |  1  2  3  4  5  6  7 |
---------------+----------------------+-----
Stealth        | 2 |  2.7
Ranged Weapons | 1 2 3 4 5 |  5.7
Fighting       | 1 2 |  2.2
Dodging        | 2 |  2.3
Air Magic      | 4 |  4.5
Spellcasting   | |  2.7
Conjurations   | |  1.7
Evocations     | |  0.6

Action                     |  1- 3 |  4- 6 |  7- 9 || total
---------------------------+-------+-------+-------++-------
  Melee: Club              |    12 |       |       ||    12
         Unarmed           |     3 |       |       ||     3
         Tailslap          |     1 |       |       ||     1
         Sling             |       |     1 |       ||     1
   Fire: Sling             |    45 |    54 |    27 ||   126
   Cast: Shock             |    28 |     7 |     6 ||    41
  Evoke: Wand              |       |     5 |       ||     5
    Use: Scroll            |     5 |     2 |     1 ||     8
         Potion            |       |     1 |     1 ||     2
   Stab: Sleeping          |     1 |       |       ||     1
 Armour: Skin              |    41 |    15 |    19 ||    75
  Dodge: Dodged            |    63 |    33 |    30 ||   126
